 Dungeon Crawl Stone Soup version 0.29.0-15-g675c0067aa (webtiles) character file.

Game seed: 14222309988027438222

32 magus244 the Trooper (level 3, -4/29 (33) HPs)
             Began as a Minotaur Chaos Knight on Sept 11, 2022.
             Was a Plaything of Xom.
             Killed from afar by Sigmund (10 damage)
             ... with a magic dart
             ... on level 2 of the Dungeon.
             The game lasted 00:07:04 (637 turns).

magus244 the Trooper (Minotaur Chaos Knight)         Turns: 637, Time: 00:07:04

HP:   -4/29 (33)    AC:  6    Str: 24    XL:     3   Next: 10%
MP:   2/2           EV: 11    Int:  9    God:    Xom [...*..]
Gold: 26            SH:  0    Dex:  9    Spells: 2/2 levels left

rFire   . . .      SeeInvis .   m - +2 short sword (drain)
rCold   + . .      Faith    .   (no shield)
rNeg    . . .      Spirit   .   b - +3 leather armour
rPois   .          Reflect  .   (helmet restricted)
rElec   .          Harm     .   (no cloak)
rCorr   .          Rampage  .   (no gloves)
Will    .....                   (no boots)
Stlth   +.........              (no amulet)
HPRegen 0.09/turn               d - ring "Haguitt" {rC+ Slay+4}
MPRegen 0.08/turn               e - +6 ring of strength

@: lethally poisoned (-4 -> -11), heavily drained
A: horns 2, retaliatory headbutt
a: Renounce Religion


You were on level 2 of the Dungeon.
You worshipped Xom.
You were a favourite toy of Xom.
You visited 1 branch of the dungeon, and saw 2 of its levels.

You collected 50 gold pieces.
You spent 24 gold pieces at shops.

Inventory:

Hand Weapons
 a - a +0 falchion of chaos
 j - a +2 dagger of venom
 m - a +2 short sword of draining (weapon)
Armour
 b - a +3 leather armour (worn)
Jewellery
 d - the ring "Haguitt" (left hand) {rC+ Slay+4}
   (You acquired it on level 1 of the Dungeon)

   [ring of slaying]

   Slay:      It affects your accuracy & damage with ranged weapons and melee
   (+4).
   rC:        It protects you from cold.
 e - a +6 ring of strength (right hand)
Scrolls
 f - a scroll of enchant armour
 g - a scroll of poison
 i - a scroll of brand weapon
Potions
 h - a potion of curing {unknown}
 k - a potion of degeneration {unknown}
Miscellaneous
 c - a piece from Xom's chessboard (15/15) (quivered)


   Skills:
 + Level 4.2 Fighting
 + Level 0.0(2.2) Short Blades
 + Level 4.1 Long Blades
 + Level 3.0 Armour
 + Level 1.2 Dodging


You had 2 spell levels left.
You didn't know any spells.
Your spell library was empty.

Dungeon Overview and Level Annotations

Branches:
Dungeon (2/15)

Altars:

Shops:
D:1 *

Annotations:
D:2 Sigmund


Innate Abilities, Weirdness & Mutations

You have a pair of horns on your head.
You reflexively headbutt those who attack you in melee.


Message History

You barely miss the rat. The rat bites you but does no damage.
You hit the rat.
You kill the rat!
A bat and a dart slug come into view.
Sigmund drinks a potion.
Sigmund suddenly seems more resistant.
A kobold comes into view. It is wielding a +0 club.
The kobold shouts!
You hear a shout!
The bat hits you. The bat closely misses you.
The bat hits you but does no damage.
The bat is engulfed in seething chaos.
The bat suddenly seems more agile.
The bat hits you but does no damage.
The bat is engulfed in seething chaos. x2; The bat seems to speed up.
The bat hits you but does no damage.
Sigmund hits you from afar with a +0 scythe of venom!
You are lethally poisoned!
The bat is engulfed in seething chaos.
The bat hits you but does no damage.
You feel very sick.
Your bat is engulfed in seething chaos.
Your bat barely misses the bat.
The bat is engulfed in seething chaos.
The bat seems to grow stronger.
Your bat is engulfed in seething chaos.
The bat is engulfed in seething chaos.
The bat barely misses you. You furiously retaliate!
You headbutt the bat!
You kill the bat!
Your bat is engulfed in seething chaos.
Your bat seems to speed up.
Your bat hits something.
Your bat is engulfed in seething chaos.
Your bat seems to slow down.
Xom is highly amused!
Your bat closely misses something.
Your bat is engulfed in seething chaos.
Your bat suddenly stops moving!
You feel very sick.
Your bat is engulfed in seething chaos. x3
* * * LOW HITPOINT WARNING * * *
You feel very sick.
Your bat is engulfed in seething chaos. x3
* * * LOW HITPOINT WARNING * * *
You feel sick.
Your bat is engulfed in seething chaos. x2
Sigmund casts a spell at you. The magic dart hits you!
You die...
Xom giggles madly!

# ...#
.#.##...
.......
#.....
######....
#......#.#
#......#.#
#......@.#
#.....§#...#
#....§.#.###
###.§.##.#
#§#@##.###
#b#w##...#
#.....(..###
#....###...#
.....K..###
##<.#


You could see Sigmund (resistant), a dart slug (ally target) and a friendly bat
(agile, paralysed).

Vanquished Creatures
  A gnoll (D:1)
  A dart slug (D:1)
  6 ball pythons (D:1)
  An endoplasm (D:1)
  A giant cockroach (D:1)
  3 goblins (D:1)
  3 hobgoblins (D:1)
  A quokka (D:1)
  A bat (D:2)
  A kobold (D:1)
  2 rats
21 creatures vanquished.

Vanquished Creatures (others)
  A goblin zombie (D:1)
1 creature vanquished.

Grand Total: 22 creatures vanquished

Notes
Turn   | Place    | Note
-------+----------+-------------------------------------------
     0 | D:1      | magus244 the Minotaur Chaos Knight began the quest for the
                  | Orb.
     0 | D:1      | Reached XP level 1. HP: 19/19 MP: 0/0
    62 | D:1      | XOM: silly message
    63 | D:1      | Reached XP level 2. HP: 16/27 MP: 1/1
   385 | D:1      | Found Paaquzxi's Assorted Antiques.
   402 | D:1      | Bought a scroll labelled BAILIF DEZOI for 24 gold pieces
   402 | D:1      | Acquired the ring "Haguitt" {rC+ Slay+4}
   407 | D:1      | XOM: god gift: blackened jade ring {god gift}
   460 | D:1      | Reached XP level 3. HP: 33/33 MP: 2/2
   571 | D:1      | XOM: cloud trail
   626 | D:2      | Noticed Sigmund
   637 | D:2      | Killed from afar by Sigmund

Illustrated notes

Levels and vault maps discovered:
D:1:      minmay_arrival_open_corners, layout_rooms, serial_shops, shop
D:2:      layout_rooms, minmay_quantized, uniq_sigmund, uniq_natasha,
          uniq_terence, uniq_crazy_yiuf_cottage

Skill      XL: |  1  2 |
---------------+-------+-----
Fighting       | 4 |  4.2
Long Blades    | 4 |  4.1
Armour         | 3 |  3.0
Dodging        | |  1.2

Action                   || total
-------------------------++-------
Melee: Falchion          ||    37
       Headbutt          ||     3
       Short sword       ||     2
  Use: Scroll            ||     7
       Potion            ||     2
Armor: Leather armour    ||    14
Dodge: Dodged            ||    21
